details: '21milk becomes our silent lulzcow'

« prev index next »

General information

Mini Map

Players

team 1
Random» NightElfPinnacle (green | 61 APM | 1908 actions | 31:08)
Hero icon 5 Keeper of the Grove
Ability icon 3 Force of Nature
Ability icon 2 Entangling Roots
Hero icon 4 Dark Ranger
Ability icon 2 Black Arrow
Ability icon 2 Silence
Hero icon 2 Priestess of the Moon
Ability icon 1 Trueshot Aura
Ability icon 1 Scout

» actions
Assign group hotkey38
Basic commands1
Build / train145
Enter build submenu46
Enter hero's abilities submenu12
Give item / drop item7
Right click689
Select / deselect424
Select group hotkey407
Use ability139
1908 total
» units
Wisp29
Archer2
Huntress4
Rifleman3
Goblin Shredder1
Druid of the Talon8
Faerie Dragon8
Mortar Team7
Priest2
Sorceress2
Chimaera5
Wind Rider10
81 total
» upgrades
Masonry3
Lumber Harvesting2
Druid of the Talon Training2
Fragmentation Shards2
Sorceress Training1
Priest Training1
Corrosive Breath1
Magic Sentry1
Mark of the Talon1
Spiked Barricades1
Ultravision1
Well Spring1
Armor1
18 total
» buildings
Altar of Elders1
Moon Well6
Ancient of War1
Hunter's Hall1
Tree of Ages1
Keep1
Scout Tower12
Ancient Protector4
Ancient of Wonders1
Arcane Tower6
Farm5
Tree of Life6
Ancient of Wind1
Tree of Eternity1
Castle1
Workshop1
Arcane Sanctum1
Arcane Vault1
Chimaera Roost1
Guard Tower3
Watch Tower1
Orc Burrow1
Voodoo Lounge1
Spirit Lodge1
59 total
» build order
00:10 Altar of Elders
00:21 Moon Well
00:57 Ancient of War
01:49 Moon Well
01:57 Hunter's Hall
03:10 Moon Well
03:48 Tree of Ages
03:56 Keep
04:01 Scout Tower
04:22 Ancient Protector
04:35 Ancient of Wonders
05:13 Arcane Tower
05:17 Farm
05:27 Tree of Life
05:47 Moon Well
06:22 Ancient of Wind
08:05 Tree of Eternity
08:19 Castle
08:22 Workshop
08:26 Arcane Sanctum
08:29 Farm
08:32 Farm
08:52 Arcane Vault
09:06 Moon Well
09:20 Ancient Protector
09:45 Farm
09:47 Farm
10:05 Moon Well
10:27 Scout Tower
11:10 Chimaera Roost
11:31 Guard Tower
11:51 Scout Tower
12:28 Ancient Protector
12:40 Tree of Life
13:04 Watch Tower
13:26 Orc Burrow
13:59 Guard Tower
14:05 Scout Tower
15:17 Tree of Life
16:54 Scout Tower
17:01 Voodoo Lounge
17:10 Tree of Life
17:33 Guard Tower
18:02 Scout Tower
19:14 Scout Tower
20:21 Arcane Tower
20:23 Scout Tower
20:54 Tree of Life
21:01 Spirit Lodge
21:24 Tree of Life
21:28 Arcane Tower
21:31 Scout Tower
25:25 Arcane Tower
25:27 Scout Tower
25:58 Arcane Tower
26:02 Scout Tower
26:41 Arcane Tower
28:05 Ancient Protector
28:31 Scout Tower
» items
Moonstone1
Orb of Venom2
Scroll of Town Portal7
Potion of Healing8
Dust of Appearance1
19 total
OrcBeiJoRoOo (blue | 45 APM | 585 actions | 12:55)
Hero icon 3 Blademaster
Ability icon 2 Wind Walk
Ability icon 1 Critical Strike

» actions
Assign group hotkey8
Build / train52
Enter build submenu13
Enter hero's abilities submenu3
Give item / drop item2
Right click342
Select / deselect118
Use ability47
585 total
» units
Peon17
Wind Rider14
31 total
» upgrades
Ranged Weapons2
Armor1
Reinforced Defenses1
Envenomed Spears1
Spiked Barricades1
6 total
» buildings
Orc Burrow4
Altar of Storms1
Voodoo Lounge1
Stronghold2
War Mill1
Beastiary2
Fortress1
Watch Tower4
16 total
» build order
00:08 Orc Burrow
00:12 Altar of Storms
00:23 Voodoo Lounge
02:28 Stronghold
02:29 Stronghold
02:41 War Mill
03:05 Orc Burrow
04:02 Orc Burrow
05:21 Beastiary
05:27 Beastiary
05:35 Fortress
05:43 Orc Burrow
10:50 Watch Tower
10:56 Watch Tower
11:00 Watch Tower
11:06 Watch Tower
» items
Healing Salve2
Lesser Clarity Potion3
Scroll of Speed2
Orb of Lightning1
8 total
HumanJulafton (red | 105 APM | 4991 actions | 47:19)
Hero icon 8 Archmage
Ability icon 3 Summon Water Elemental
Ability icon 3 Brilliance Aura
Ability icon 1 Mass Teleport
Ability icon 1 Blizzard

» actions
Assign group hotkey134
Basic commands182
Build / train219
ESC pressed21
Enter build submenu111
Enter hero's abilities submenu8
Give item / drop item4
Right click1508
Select / deselect742
Select group hotkey1645
Use ability417
4991 total
» units
Peasant42
Footman10
Goblin Shredder2
Goblin Zeppelin4
Gryphon Rider6
Mortar Team6
Peon3
Goblin Sapper3
76 total
» upgrades
Masonry3
Lumber Harvesting2
Swords3
Armor4
Spiked Barricades1
Storm Hammers1
Cloud1
Fragmentation Shards1
Animal War Training1
Gunpowder5
Flare1
Flak Cannons1
Flying Machine Bombs1
Barrage1
Plating3
Backpack1
30 total
» buildings
Barracks1
Altar of Kings2
Farm14
Arcane Vault2
Town Hall8
Lumber Mill2
Scout Tower50
Arcane Tower6
Keep6
Guard Tower47
Blacksmith2
Castle5
Gryphon Aviary9
Workshop3
Watch Tower9
166 total
» build order
00:12 Barracks
00:15 Altar of Kings
00:22 Farm
00:59 Farm
01:36 Farm
02:09 Farm
03:06 Arcane Vault
03:23 Town Hall
04:39 Lumber Mill
05:21 Farm
05:26 Scout Tower
05:57 Arcane Tower
05:57 Arcane Tower
06:00 Scout Tower
06:03 Scout Tower
06:05 Scout Tower
06:08 Scout Tower
06:10 Scout Tower
06:13 Scout Tower
06:14 Scout Tower
06:16 Scout Tower
06:30 Keep
06:30 Keep
06:39 Guard Tower
06:39 Guard Tower
06:40 Guard Tower
06:46 Guard Tower
06:54 Arcane Tower
06:55 Guard Tower
06:56 Guard Tower
06:56 Guard Tower
06:57 Guard Tower
06:57 Guard Tower
06:57 Guard Tower
07:04 Guard Tower
07:08 Scout Tower
07:10 Scout Tower
07:39 Blacksmith
07:44 Farm
07:45 Farm
07:48 Arcane Tower
07:49 Guard Tower
08:05 Scout Tower
08:06 Scout Tower
08:07 Scout Tower
08:44 Guard Tower
08:44 Guard Tower
08:44 Guard Tower
08:46 Scout Tower
08:52 Scout Tower
08:55 Castle
08:55 Castle
09:14 Scout Tower
09:15 Scout Tower
09:16 Scout Tower
09:21 Guard Tower
09:21 Guard Tower
09:22 Guard Tower
09:59 Guard Tower
10:49 Gryphon Aviary
10:50 Gryphon Aviary
10:51 Gryphon Aviary
10:52 Gryphon Aviary
11:00 Town Hall
11:02 Scout Tower
11:02 Scout Tower
11:03 Scout Tower
11:06 Scout Tower
11:13 Scout Tower
11:14 Scout Tower
11:16 Scout Tower
11:18 Scout Tower
11:37 Guard Tower
11:37 Guard Tower
11:48 Scout Tower
11:51 Scout Tower
11:52 Scout Tower
11:54 Scout Tower
12:02 Guard Tower
12:02 Guard Tower
12:02 Guard Tower
12:11 Guard Tower
12:11 Guard Tower
12:12 Guard Tower
13:35 Workshop
13:37 Workshop
13:38 Workshop
13:46 Scout Tower
13:47 Scout Tower
13:47 Scout Tower
13:48 Scout Tower
13:50 Scout Tower
13:57 Scout Tower
14:24 Guard Tower
14:24 Guard Tower
14:46 Farm
14:47 Farm
14:47 Farm
18:30 Watch Tower
18:32 Watch Tower
18:33 Watch Tower
18:39 Watch Tower
18:47 Guard Tower
21:07 Town Hall
21:09 Scout Tower
21:10 Scout Tower
21:11 Scout Tower
21:12 Scout Tower
23:41 Blacksmith
28:09 Town Hall
28:16 Town Hall
28:25 Farm
31:12 Town Hall
31:31 Watch Tower
31:31 Watch Tower
31:32 Watch Tower
31:32 Watch Tower
31:33 Watch Tower
33:21 Keep
33:21 Keep
33:22 Keep
35:30 Town Hall
35:47 Altar of Kings
35:51 Lumber Mill
36:22 Scout Tower
36:23 Scout Tower
36:24 Scout Tower
36:55 Guard Tower
36:55 Guard Tower
37:00 Castle
37:00 Castle
37:21 Gryphon Aviary
37:22 Gryphon Aviary
37:26 Gryphon Aviary
37:30 Gryphon Aviary
37:33 Gryphon Aviary
39:15 Farm
39:16 Farm
41:27 Farm
41:30 Arcane Vault
44:04 Town Hall
46:41 Scout Tower
46:42 Scout Tower
46:44 Scout Tower
46:46 Scout Tower
46:47 Scout Tower
» items
Scroll of Regeneration7
Mechanical Critter2
Scroll of Town Portal3
Orb of Fire1
Staff of Sanctuary1
Potion of Healing1
Healing Salve1
Orb of Lightning1
17 total
Humanmcclane (purple | 54 APM | 143 actions | 02:39)
Hero icon 1 Mountain King
Ability icon 1 Storm Bolt

» actions
Assign group hotkey4
Basic commands1
Build / train17
Enter build submenu7
Enter hero's abilities submenu1
Right click52
Select / deselect40
Select group hotkey13
Use ability8
143 total
» units
Peasant9
Footman5
14 total
» buildings
Altar of Kings1
Barracks1
Farm3
Lumber Mill1
Blacksmith1
7 total
» build order
00:05 Altar of Kings
00:06 Barracks
00:08 Farm
01:04 Farm
01:56 Lumber Mill
02:01 Farm
02:28 Blacksmith
team 2
Random» OrcDreadpirate101 (pink | 50 APM | 1637 actions | 32:34)
Hero icon 8 Tauren Chieftain
Ability icon 3 Endurance Aura
Ability icon 3 Shockwave
Ability icon 1 Reincarnation
Ability icon 1 War Stomp

» actions
Assign group hotkey72
Basic commands62
Build / train95
Enter build submenu15
Enter hero's abilities submenu8
Remove unit from queue1
Right click668
Select / deselect455
Select group hotkey178
Use ability83
1637 total
» units
Peon13
Grunt6
Shaman13
Peasant3
Troll Headhunter/Berserker23
Troll Witch Doctor5
63 total
» upgrades
Shaman Training2
Ranged Weapons3
Gunpowder1
Berserker Upgrade1
Armor3
Witch Doctor Training2
Troll Regeneration1
13 total
» buildings
Altar of Storms1
Barracks1
Orc Burrow6
Stronghold1
Voodoo Lounge1
Spirit Lodge2
War Mill1
Great Hall2
Fortress1
16 total
» build order
00:13 Altar of Storms
00:15 Barracks
00:27 Orc Burrow
01:43 Orc Burrow
02:59 Stronghold
04:03 Voodoo Lounge
05:32 Orc Burrow
05:34 Orc Burrow
05:39 Spirit Lodge
06:28 War Mill
08:21 Great Hall
08:34 Fortress
10:36 Orc Burrow
13:38 Spirit Lodge
13:40 Orc Burrow
25:34 Great Hall
» items
Healing Salve3
Orb of Lightning1
Scroll of Town Portal1
Scroll of Speed1
Potion of Healing1
7 total
HumanAlexSmithNoBum (yellow | 38 APM | 77 actions | 02:01)

» actions
Build / train6
Enter build submenu7
Right click35
Select / deselect25
Use ability4
77 total
» units
Peasant5
5 total
» buildings
Altar of Kings2
Farm2
4 total
» build order
00:09 Altar of Kings
00:14 Farm
00:20 Altar of Kings
00:55 Farm
Human21milk (teal | 34 APM | 1622 actions | 47:19)
Hero icon 7 Paladin
Ability icon 1 Holy Light
Ability icon 2 Divine Shield
Ability icon 3 Devotion Aura
Ability icon 1 Resurrection
Hero icon 6 Archmage
Ability icon 1 Summon Water Elemental
Ability icon 3 Brilliance Aura
Ability icon 1 Blizzard
Ability icon 1 Mass Teleport
Hero icon 1 Tauren Chieftain
Ability icon 1 War Stomp

» actions
Basic commands292
Build / train110
Enter build submenu38
Enter hero's abilities submenu14
Give item / drop item3
Right click266
Select / deselect768
Use ability131
1622 total
» units
Peasant12
Footman10
Rifleman21
Siege Engine10
Goblin Shredder1
Mortar Team4
Flying Machine5
63 total
» upgrades
Lumber Harvesting2
Barrage1
Long Rifles1
Plating3
Masonry3
Armor1
Gunpowder3
14 total
» buildings
Altar of Kings1
Farm19
Barracks3
Keep2
Blacksmith2
Arcane Vault2
Town Hall4
Lumber Mill2
Castle2
Workshop4
41 total
» build order
00:14 Altar of Kings
00:15 Farm
00:36 Barracks
00:58 Farm
01:37 Farm
02:32 Barracks
02:46 Keep
03:57 Blacksmith
04:03 Farm
04:13 Arcane Vault
04:48 Town Hall
05:06 Lumber Mill
05:11 Farm
05:15 Keep
05:36 Blacksmith
05:38 Castle
06:22 Farm
07:16 Workshop
07:22 Workshop
07:36 Farm
07:43 Barracks
08:33 Workshop
08:42 Workshop
09:39 Farm
09:57 Farm
10:54 Farm
11:29 Farm
12:09 Farm
13:26 Town Hall
13:39 Farm
15:07 Castle
15:13 Lumber Mill
16:34 Arcane Vault
16:44 Farm
22:37 Farm
28:27 Town Hall
29:52 Farm
29:53 Farm
30:50 Farm
30:52 Farm
32:30 Town Hall
» items
Scroll of Regeneration4
Scroll of Town Portal3
Potion of Healing5
Orb of Fire1
Potion of Mana1
14 total
OrcWizzo (orange | 54 APM | 2538 actions | 47:19)
Hero icon 10 Blademaster
Ability icon 3 Wind Walk
Ability icon 3 Critical Strike
Ability icon 1 Bladestorm
Ability icon 3 Mirror Image

» actions
Assign group hotkey48
Basic commands332
Build / train96
Enter build submenu53
Enter hero's abilities submenu10
Give item / drop item9
Remove unit from queue2
Right click1001
Select / deselect476
Select group hotkey223
Use ability288
2538 total
» units
Peon8
Grunt4
Goblin Shredder2
Troll Batrider16
Goblin Sapper14
Goblin Zeppelin1
Wind Rider2
47 total
» upgrades
Troll Regeneration1
Ranged Weapons3
Armor3
Envenomed Spears1
Liquid Fire1
Reinforced Defenses1
10 total
» buildings
Orc Burrow7
Altar of Storms1
Barracks1
Voodoo Lounge1
War Mill1
Stronghold1
Watch Tower36
Great Hall3
Beastiary6
Fortress1
58 total
» build order
00:12 Orc Burrow
00:57 Altar of Storms
00:58 Barracks
01:14 Orc Burrow
01:53 Voodoo Lounge
02:57 War Mill
03:32 Stronghold
04:26 Orc Burrow
04:34 Watch Tower
05:26 Great Hall
06:03 Beastiary
06:20 Beastiary
06:32 Watch Tower
07:12 Beastiary
08:00 Orc Burrow
08:04 Orc Burrow
08:13 Watch Tower
08:13 Watch Tower
08:14 Watch Tower
08:20 Watch Tower
08:38 Watch Tower
08:46 Watch Tower
11:59 Watch Tower
12:02 Watch Tower
12:03 Watch Tower
12:20 Fortress
20:00 Great Hall
20:02 Watch Tower
20:02 Watch Tower
20:04 Watch Tower
20:04 Watch Tower
21:15 Watch Tower
21:15 Watch Tower
21:16 Watch Tower
21:16 Watch Tower
21:19 Watch Tower
21:22 Watch Tower
21:52 Beastiary
21:52 Beastiary
21:53 Beastiary
23:28 Watch Tower
23:29 Watch Tower
23:29 Watch Tower
23:30 Watch Tower
23:30 Watch Tower
24:55 Watch Tower
24:55 Watch Tower
24:55 Watch Tower
24:58 Watch Tower
24:59 Watch Tower
25:01 Watch Tower
27:22 Orc Burrow
27:24 Orc Burrow
30:42 Great Hall
32:13 Watch Tower
32:13 Watch Tower
32:14 Watch Tower
32:14 Watch Tower
» items
Healing Salve5
Lesser Clarity Potion4
Orb of Lightning1
Potion of Healing5
Potion of Mana3
Scroll of Town Portal6
24 total

Chat log

(00:09 / All) Wizzo: Alex Smith should still be starting QB
(00:28 / All) AlexSmithNoBum: yeah, wtf
(00:32 / All) Julafton: IT'S THE 24TH! IT'S JULAFTON!
(00:35 / All) AlexSmithNoBum: kaepernick sux
(00:47 / All) mcclane: lol
(00:47 / Allies) BeiJoRoOo: air
(00:48 / All) Julafton: AT LAST IT WILL BE SATURNALIA!
(00:53 / All) Wizzo: I hope harbaugh falls flat on his face and is ran out of town within the next few years
(01:08 / All) AlexSmithNoBum: i should make a handel, i hate seachicken
(01:23 / All) Julafton: This map is shitty4
(01:26 / All) Julafton: no tavern
(01:28 / All) Julafton: no goblin shop
(01:52 / All) Julafton: the old map pool was way better
(02:52 / All) Julafton: oh yay a 3v3

(07:55 / Allies) BeiJoRoOo: casters
(08:03 / Allies) BeiJoRoOo: oh so u no
(08:12 / Allies) BeiJoRoOo: im not palying human i cant play it for my life

(11:25 / All) BeiJoRoOo: well that sucks for me

(12:27 / All) Wizzo: whoops
(12:35 / All) BeiJoRoOo: yeah 1 person gone and reds mass towers
(12:37 / Allies) BeiJoRoOo: Im out
(12:41 / All) BeiJoRoOo: im out
(12:48 / Allies) Pinnacle: stay
(12:49 / Allies) Pinnacle: we ok

(26:56 / All) Dreadpirate101: fuckin terrible

(28:26 / All) Wizzo: whoops

(40:23 / All) Wizzo: Just leave retarded teal
(40:25 / All) Wizzo: save me the trouble
(40:47 / All) Wizzo: *SIGHS AUDIBLY* SUCH A CHORE, SUCH A BORE

(45:10 / All) Wizzo: teal never said anything
(45:18 / All) Julafton: he was a tank robot
(45:23 / All) Wizzo: but he's attacking me with his shreddar
(45:26 / All) Julafton: Robots make mechanical units
(45:39 / All) Julafton: Oh he's still here?
(45:41 / All) Julafton: Dumbass tankbot
(45:42 / All) Wizzo: Yes
(45:51 / All) Wizzo: Look at him attack my BM
(45:59 / All) Julafton: lol
(46:27 / All) Wizzo: 21milk say something
(46:32 / All) Wizzo: Say something you silly little freak
(46:37 / All) Wizzo: Let's have a chat, let's air our feelings
(46:38 / All) Julafton: Let me end it with cannon towers
(46:57 / All) Julafton: oh shit I have no wood nvm
(47:06 / All) Wizzo: WITH PEONS
(47:08 / All) Wizzo: CHARGE